 Dungeon Crawl Stone Soup version 0.30.1-4-g462c640d31 (webtiles) character file.

Game seed: 8019386385957448604

371 monsoonserge the Slasher (level 6, -1/48 HPs)
             Began as a Demonspawn Monk on Sept 3, 2023.
             Slain by Natasha (6 damage)
             ... on level 3 of the Dungeon.
             The game lasted 00:05:32 (2141 turns).

monsoonserge the Slasher (Demonspawn Monk)          Turns: 2141, Time: 00:05:32

Health: -1/48      AC:  8    Str: 12    XL:     6   Next: 42%
Magic:  6/6        EV: 13    Int: 11    God:
Gold:   115        SH:  0    Dex: 17    Spells: 5/5 levels left

rFire   . . .        j - +0 long sword
rCold   . . .        (no shield)
rNeg    . . .        u - +2 robe {Will+}
rPois   .            (no helmet)
rElec   .            g - +2 cloak
rCorr   .            (no gloves)
SInv    .            (no boots)
Will    +....        (no amulet)
Stlth   +            (no ring)
HPRegen 0.28/turn    (no ring)
MPRegen 0.10/turn

%: no passive effects
@: confused
A: sharp scales 1, demonic touch 2
a: no special abilities


You were on level 3 of the Dungeon.
You visited 1 branch of the dungeon, and saw 3 of its levels.

You collected 115 gold pieces.

Inventory:

Hand Weapons
 j - a +0 long sword (weapon)
Missiles
 i - 4 poisoned darts (quivered)
Armour
 g - a +2 cloak (worn)
 u - a +2 robe of willpower (worn)
Magical Staves
 p - a staff of death
Wands
 v - a wand of light (10)
Scrolls
 a - a scroll of blinking {unknown}
 b - a scroll of poison {unknown}
 d - a scroll of silence {unknown}
 h - 3 scrolls of fog {unknown}
 l - 4 scrolls of identify {unknown}
 m - 2 scrolls of teleportation {unknown}
 r - 3 scrolls of fear {unknown}
Potions
 e - a potion of attraction {unknown}
 f - 3 potions of berserk rage {unknown}
 k - 3 potions of mutation {unknown}
 n - 2 potions of haste {unknown}
 o - 3 potions of heal wounds {unknown}
 s - 2 potions of might {unknown}
 t - a potion of magic {unknown}
 w - a potion of lignification {unknown}
Miscellaneous
 q - a piece from Xom's chessboard (15/15)


   Skills:
 + Level 4.1 Fighting
 + Level 4.8 Long Blades
 + Level 0.2 Throwing
 + Level 1.5 Armour
 + Level 3.5 Dodging
 + Level 0.5 Stealth
 - Level 1.0 Unarmed Combat
 - Level 1.0 Evocations


You had 5 spell levels left.
You didn't know any spells.
Your spell library contained the following spells:

 Spells                   Type           Power      Damage    Failure   Level
 Beastly Appendage        Tmut           0%         N/A       34%         1
 Wereblood                Tmut           0%         N/A       47%         2
 Spider Form              Tmut/Pois      0%         N/A       71%         3
 Stone Arrow              Conj/Erth      0%         3d7       71%         3
 Animate Armour           Summ/Erth      0%         N/A       98%         4
 Lehudib's Crystal Spear  Conj/Erth      0%         10d2      100%        8


Dungeon Overview and Level Annotations

Branches:
Dungeon (3/15)

Altars:
Xom

Annotations:
D:3 Ijyb, Natasha


Innate Abilities, Weirdness & Mutations

You are partially covered in razor-sharp scales. (AC +1, Slay +1)
Your touch may inflict irresistible damage on your foes.


Message History

Ijyb the Twisted Goblin comes into view.
She is wielding a +2 dagger of electrocution and carrying a wand of light (10).
Ijyb shouts!
Ijyb grins evilly.
A jackal comes into view.
The jackal barks!
You closely miss the jackal. The jackal misses you.
You hit the jackal. Your touch misses the jackal.
The jackal is severely wounded.
The jackal closely misses you. The jackal bites you.
You hit the jackal.
You kill the jackal!
Ijyb zaps a wand.
The bolt of light misses you. Ijyb hits you but does no damage.
You hit Ijyb.
Ijyb is lightly wounded.
Ijyb hits you with a +2 dagger of electrocution.
You barely miss Ijyb. You punch Ijyb.
Ijyb is lightly wounded.
Ijyb zaps a wand.
The bolt of light hits you!!
You are confused.
Ijyb hits you with a +2 dagger of electrocution!
You are electrocuted!
* * * LOW HITPOINT WARNING * * *
You hear an angry hiss.
You are more confused.
You feel invigorated. Ijyb completely misses you.
Ijyb attacks as you move away! Ijyb closely misses you.
Natasha, Servant of Life and Death comes into view.
You bump into the rock wall.
You feel less invigorated. Ijyb hits you but does no damage.
You miss Ijyb. Your touch misses Ijyb.
Ijyb is lightly wounded.
Ijyb zaps a wand.
The bolt of light hits you!
You are more confused.
* * * LOW HITPOINT WARNING * * *
Ijyb attacks as you move away! Ijyb misses you. Natasha closely misses you.
You miss Ijyb.
You touch Ijyb!
Ijyb is severely wounded.
Natasha claws you.
You die...

#.#.####.####...##.......# #....#
#.#.# #.## #....#.......###....#
..#.####..# #.....##..#...#......
........#.#...#.........#........
........#.#.####........###......
........#.#.# #.....#..###....<.
....(...#.#.# ##.....#....#......
........#.#.###hg..#.###..#......
........#.......@..#.###.........
.............####..#..##.#b......
.##...>..#...##..................
.##.#...##...##..##..............
# #[.............##...##....##.#.
#..............##............#.
#....##....)....<..##.....####.
#.............##.#....###.# ##
#....###.#.#.....###...##.### #


You could see Ijyb and Natasha.

Vanquished Creatures
  Sigmund (D:2)
  A scorpion (D:3)
  Natasha (D:3)
  Robin (D:2)
  2 adders (D:3)
  2 worms
  5 dart slugs
  5 orcs (D:3)
  10 endoplasms
  4 giant cockroaches
  14 goblins
  7 hobgoblins
  5 jackals
  A quokka (D:3)
  6 ball pythons
  4 bats
  A frilled lizard (D:1)
  6 kobolds
  4 rats
  A butterfly (D:3)
81 creatures vanquished.

Notes
Turn   | Place    | Note
-------+----------+-------------------------------------------
     0 | D:1      | monsoonserge the Demonspawn Monk began the quest for the
                  | Orb.
     0 | D:1      | Reached XP level 1. HP: 18/18 MP: 1/1
    67 | D:1      | Gained mutation: Your touch may inflict minor irresistible
                  | damage on your foes. [demonic ancestry]
    67 | D:1      | Reached XP level 2. HP: 23/24 MP: 2/2
   393 | D:1      | You fall into a shaft and drop 1 floor!
   420 | D:2      | Gained mutation: You are partially covered in razor-sharp
                  | scales. (AC +1, Slay +1) [demonic ancestry]
   420 | D:2      | Reached XP level 3. HP: 29/29 MP: 3/3
  1385 | D:2      | Found a faded altar of an unknown god.
  1397 | D:2      | Reached XP level 4. HP: 35/35 MP: 4/4
  1490 | D:2      | Noticed Sigmund
  1498 | D:2      | Killed Sigmund
  1499 | D:2      | Reached skill level 1 in Armour
  1499 | D:2      | Reached skill level 1 in Unarmed Combat
  1499 | D:2      | Reached XP level 5. HP: 42/42 MP: 5/5
  1548 | D:2      | Noticed Robin
  1571 | D:2      | Killed Robin
  1773 | D:3      | Gained mutation: Your touch may inflict irresistible damage
                  | on your foes. [demonic ancestry]
  1773 | D:3      | Reached XP level 6. HP: 38/48 MP: 6/6
  1823 | D:3      | Found a shimmering altar of Xom.
  1929 | D:3      | Noticed Natasha
  1935 | D:3      | Killed Natasha
  1936 | D:3      | Reached skill level 1 in Evocations
  2123 | D:3      | Noticed Ijyb
  2135 | D:3      | HP: 2/48 [Ijyb/+2 dagger of electrocution (14)]
  2137 | D:3      | Noticed Natasha
  2141 | D:3      | Slain by Natasha

Illustrated notes

Levels and vault maps discovered:
D:1:      wander_arrival_peaceful_grave, layout_basic, minivault_25,
          minmay_misc_feat_diagonals, minmay_pentomino_x2
D:2:      layout_loops_ring, hellmonk_ecumenical_altar_heavens_door,
          nicolae_underground_beach, uniq_sigmund, uniq_robin
D:3:      layout_rooms, xom_butterflies, uniq_ijyb, uniq_natasha

Skill      XL: |  1  2  3  4  5  6 |
---------------+-------------------+-----
Long Blades    | 3 4 |  4.8
Dodging        | 3 |  3.5
Fighting       | 4 |  4.1
Armour         | 1 |  1.5
Unarmed Combat | 1 |  1.0
Evocations     | 1 |  1.0
Throwing       | |  0.2
Stealth        | |  0.5

Action                     |  1- 3 |  4- 6 || total
---------------------------+-------+-------++-------
  Melee: Falchion          |    99 |    26 ||   125
         Touch             |    14 |    15 ||    29
         Punch             |     1 |     3 ||     4
         Long sword        |       |    53 ||    53
  Throw: Dart              |       |     2 ||     2
    Use: Potion            |       |     1 ||     1
   Stab: Sleeping          |       |     2 ||     2
         Distracted        |       |     1 ||     1
 Armour: Robe              |     7 |    33 ||    40
         Scale mail        |    32 |     3 ||    35
  Dodge: Dodged            |    58 |    50 ||   108
